 Dungeon Crawl Stone Soup version 0.18-a0-1180-g64ccc1e (webtiles) character file.

27 namelastname112 the Scratcher (level 2, 0/12 HPs)
             Began as a Felid Transmuter on Jan 27, 2016.
             Slain by a giant gecko (4 damage)
             ... on level 1 of the Dungeon.
             The game lasted 00:01:43 (931 turns).

namelastname112 the Scratcher (Felid Transmuter)     Turns: 931, Time: 00:01:44

Health: 0/12       AC:  1    Str:  6    XL:     2   Next: 93%
Magic:  6/6        EV: 18    Int: 14    God:
Gold:   3          SH:  0    Dex: 16    Spells: 2 memorised, 2 levels left
                                        Lives:  0   Deaths: 0

rFire  . . .     SeeInvis +       - Unarmed
rCold  . . .     Gourm    .     (armour unavailable)
rNeg   . . .     Faith    .     (shield unavailable)
rPois  .         Spirit   .     (helmet unavailable)
rElec  .         Dismiss  .     (cloak unavailable)
rCorr  .         Reflect  .     (gloves unavailable)
SustAt .         Harm     .     (boots unavailable)
MR     .....                    d - amulet of inaccuracy (curse)
Stlth  ++........               (no ring)
                                (no ring)

@: quick, not resistant to hostile enchantments, unstealthy
A: no armour, no weapons or thrown items, claws 1, fangs 3, see invisible,
carnivore 3, speed 1, shaggy fur 1, slow metabolism 1, sharp paws
a: no special abilities


You were on level 1 of the Dungeon.
You were not hungry.

You visited 1 branch of the dungeon, and saw 1 of its levels.

You collected 3 gold pieces.

Inventory:

Missiles
 a - 12 arrows
Jewellery
 d - a cursed amulet of inaccuracy (around neck)
 e - an uncursed amulet of the gourmand {unknown}
Scrolls
 g - a scroll of enchant weapon {unknown}
 j - a scroll of magic mapping {unknown}
 k - 2 scrolls of identify {unknown}
 n - a scroll of blinking {unknown}
Potions
 f - a potion of cancellation {unknown}
 h - 2 potions of curing {unknown}
 i - a potion of might {unknown}
 l - a potion of mutation {unknown}
 m - a potion of lignification {unknown}
 o - a potion of cure mutation {unknown}
Books
 b - a book of Changes

   Spells                             Type                      Level
   a - Beastly Appendage              Transmutation                1
   b - Sticks to Snakes               Transmutation                2
   c - Spider Form                    Transmutation/Poison         3
   d - Ice Form                       Ice/Transmutation            4
   e - Blade Hands                    Transmutation                5
Comestibles
 c - a meat ration


   Skills:
 + Level 1.2 Fighting
 + Level 3.0 Dodging
 + Level 3.3 Unarmed Combat
 * Level 2.3 Spellcasting
 * Level 2.7 Transmutations


You had 2 spell levels left.
You knew the following spells:

 Your Spells              Type           Power        Failure   Level  Hunger
a - Beastly Appendage     Trmt           #.....       10%         1    #......
x - Sticks to Snakes      Trmt           #.......     14%         2    ###....


Dungeon Overview and Level Annotations

Branches:
Dungeon (1/15)

Altars:


Innate Abilities, Weirdness & Mutations

You cannot wear armour.
You are incapable of wielding weapons or throwing items.
You have sharp claws.
You have razor-sharp teeth.
You have supernaturally acute eyesight.
You are carnivorous and can eat meat at any time.
You cover ground quickly.
You are covered in fur (AC +1).
You have a slow metabolism.
Your sharp claws are effective at attacking unaware monsters.


Message History

The kobold is heavily wounded.
You claw the kobold!
You kill the kobold!
No target in view!
Things that are here:
a short sword; a kobold corpse Key pressed, stopping explore.
Key pressed, stopping explore.
The giant gecko is too close now for your liking.
A giant gecko is nearby!
You see here a rat corpse.
The giant gecko bites you.
You miss the giant gecko. The giant gecko barely misses you.
You barely miss the giant gecko.
The giant gecko hisses menacingly.
The giant gecko completely misses you.
You scratch the giant gecko. Your bite misses the giant gecko.
The giant gecko is severely wounded.
The giant gecko bites you.
You die...

.##.###.##.#.#.....#.####.#......
.##..........##[##.#.####........
.####....##......#...............
.................................
.........#.......#.#.##..##..##..
####.....#....#.##.#.##.)##..#.#.
####.#...........................
.....###.#....#.###..............
.....# #.#....†.@l...............
.....# #.#..#.#.##...............
.....###.#..#.#.##..###..##..#.#.
.................................
.....#...#..###.##g.##...##..#.#.
####.#...............)....)......
####.#........#.##..##.#.###.#.#.
[....#........#..................
####.#.#......#..#.###.#.###.#.#.


You could see a giant gecko.

Vanquished Creatures
  An ooze (D:1)
  2 bats (D:1)
  5 goblins (D:1)
  3 hobgoblins (D:1)
  4 kobolds (D:1)
  A giant newt (D:1)
  6 rats (D:1)
22 creatures vanquished.

Notes
Turn   | Place    | Note
--------------------------------------------------------------
     0 | D:1      | namelastname112 the Felid Transmuter began the quest for the Orb.
     0 | D:1      | Reached XP level 1. HP: 9/9 MP: 4/4
   104 | D:1      | Reached XP level 2. HP: 8/12 MP: 6/6
   268 | D:1      | Learned a level 2 spell: Sticks to Snakes
   931 | D:1      | Slain by a giant gecko

Vault maps used:
D:1:      onia_arrival_larder, minmay_misc_feat_columns, minivault_24,
          minmay_unequal

Action                   || total
-------------------------++-------
Melee: Unarmed           ||    62
 Stab: Sleeping          ||     5
       Distracted        ||     1
  Eat: Chunk             ||     1
